 Dungeon Crawl Stone Soup version 0.31-a0-965-g8a8ce12e04 (webtiles) character file.

Game seed: 10046991547069265838

60 Turgor the Changeling (level 3, -8/29 HPs)
             Began as a Draconian Shapeshifter on Oct 26, 2023.
             Mangled by a gnoll
             ... wielding a +0 halberd
              (10 damage)
             ... on level 2 of the Dungeon.
             The game lasted 00:04:14 (1200 turns).

Turgor the Changeling (Draconian Shapeshifter)      Turns: 1200, Time: 00:04:16

Health: -8/29      AC:  5    Str: 16    XL:     3   Next: 82%
Magic:  3/3        EV: 12    Int: 10    God:
Gold:   167        SH:  0    Dex: 12    Spells: 2/2 levels left

rFire   . .          .
                       - Unarmed
rCold   . . .        (no shield)
rNeg    . . .        (body armour unavailable)
rPois   .            (helmet currently unavailable)
rElec   .            (cloak currently unavailable)
rCorr   .            (gloves currently unavailable)
SInv    .            (boots currently unavailable)
Will    .....        d - amulet of magic regeneration
Stlth   +            (no ring)
HPRegen 0.24/turn    (no ring)
MPRegen 0.48/turn

%: no passive effects
@: beast-form
A: beast (slay +2), AC +5, unfitting armour, cold-blooded
a: Begin Untransformation


You were on level 2 of the Dungeon.
You were a hulking beast.
You visited 1 branch of the dungeon, and saw 2 of its levels.

You collected 167 gold pieces.

Inventory:

Jewellery
 d - an amulet of magic regeneration (around neck)
Talismans
 b - a beast talisman
 c - a flux talisman
Scrolls
 e - a scroll of identify
 f - 2 scrolls of fear
 g - a scroll of vulnerability {unknown}
 i - a scroll of silence {unknown}
Potions
 a - a potion of lignification
 h - 2 potions of heal wounds


   Skills:
 + Level 2.1 Fighting
 + Level 2.2 Dodging
 + Level 3.4 Unarmed Combat
 * Level 3.6 Shapeshifting


You had 2 spell levels left.
You didn't know any spells.
Your spell library was empty.

Dungeon Overview and Level Annotations

Branches:
Dungeon (2/15)

Altars:


Innate Abilities, Weirdness & Mutations

You are a hulking beast.
Your limbs bulge with bestial killing power. (Slay +2)
Your plain brown scales are hard. (AC +5)
You cannot fit into any form of body armour.
You are cold-blooded and may be slowed by cold attacks.


Message History

You hit the gnoll.
The gnoll is moderately wounded.
The gnoll hits you but does no damage.
You punch the gnoll! You tail-slap the gnoll.
The gnoll is almost dead.
The gnoll barely misses you.
You barely miss the gnoll.
The gnoll is almost dead.
The gnoll barely misses you.
You hit the gnoll.
The gnoll is almost dead.
You closely miss the gnoll. You tail-slap the gnoll.
You kill the gnoll!
Things that are here:
a +0 whip; a gnoll corpse A gnoll comes into view.
It is wielding a +0 whip.
The gnoll shouts!
The gnoll hits you from afar with a +0 spear.
A gnoll comes into view. It is wielding a +0 halberd.
The gnoll shouts!
The gnoll hits you with a +0 whip. The gnoll closely misses you.
You hit the gnoll. Your punch misses the gnoll.
The gnoll is moderately wounded.
The gnoll hits you with a +0 whip.
The gnoll throws a throwing net.
The throwing net barely misses you.
You hit the gnoll.
The gnoll is severely wounded.
The gnoll hits you from afar with a +0 spear!
You hit the gnoll.
Your tail-slap misses the gnoll.
The gnoll is almost dead.
The gnoll barely misses you.
The gnoll hits you from afar with a +0 spear.
* * * LOW HITPOINT WARNING * * *
You closely miss the gnoll.
The gnoll is almost dead.
The gnoll hits you but does no damage.
The gnoll hits you from afar with a +0 spear.
* * * LOW HITPOINT WARNING * * *
The gnoll hits you from afar with a +0 halberd!
You die...

#.# ###.# #..# #.. #.#
#...# #..###.. #.#
#.#####....... #)#
#........###.# #.#
#.#####.......
#.#######.#####...####
#........†....).#..#
#####.###.###..###....
#....hg.#†..#...# .###
#..g........#.#..>##
#....g......#.##.#....
#........⌠..#)# .# ###
#...........#.# ..
#.............# #.
#.......####..# .#
###.....[####.# #
#..........)#


You could see 3 gnolls.

Vanquished Creatures
  A gnoll (D:2)
  A dart slug (D:1)
  7 endoplasms
  A giant cockroach (D:2)
  3 goblins
  5 hobgoblins
  6 jackals
  2 kobolds (D:1)
  3 quokkas
  2 ball pythons
  6 bats
  2 frilled lizards (D:1)
  A rat (D:1)
40 creatures vanquished.

Notes
Turn   | Place    | Note
-------+----------+-------------------------------------------
     0 | D:1      | Turgor the Draconian Shapeshifter began the quest for the
                  | Orb.
     0 | D:1      | Reached XP level 1. HP: 16/16 MP: 1/1
   208 | D:1      | Reached XP level 2. HP: 23/23 MP: 2/2
   471 | D:1      | Reached XP level 3. HP: 29/29 MP: 3/3
   956 | D:2      | Identified the +3 ring mail of Inference {Fly rC++ Int-3}
  1108 | D:2      | Identified the +3 ring mail of Insecurity {rC+ Str+5}
  1200 | D:2      | Mangled by a gnoll

Illustrated notes

Levels and vault maps discovered:
D:1:      dpeg_arrival_castle, layout_basic, st_stairs_5
D:2:      layout_loops_ring, dreamdust_wishing_well, minmay_divided_ellipse,
          uniq_terence

Skill      XL: |  1  2  3 |
---------------+----------+-----
Dodging        | 2 |  2.2
Fighting       | 2 |  2.1
Unarmed Combat | |  3.4
Shapeshifting  | |  3.6

Action                     || total
---------------------------++-------
  Melee: Unarmed           ||    99
         Tailslap          ||    11
         Punch             ||     1
    Use: Scroll            ||     2
 Armour: Skin              ||    54
  Dodge: Dodged            ||    47

Table legend: (Time is in decaauts)
 A = Elapsed time spent in this place.
 B = Non-inter-level travel time spent in this place.
 C = Inter-level travel time spent in this place.
 D = Time resting spent in this place.
 E = Time spent auto-exploring this place.
 F = Levels seen in this place.
 G = Mean time per level.
                   A        B        C        D        E       F      G
               +--------+--------+--------+--------+--------+-----+--------+
         Total |   1197 |   1182 |     15 |      0 |    858 |   2 |  598.5 |
       Dungeon |   1197 |   1182 |     15 |      0 |    858 |   2 |  598.5 |
               +--------+--------+--------+--------+--------+-----+--------+

Top non-repeatable levels by time:
     D:1: 944 daAuts
     D:2: 253 daAuts
